 Dungeon Crawl Stone Soup version 0.31.0 (webtiles) character file.

Game seed: 1237834773478580980

105 qw the Shooter (level 4, -5/28 HPs)
             Began as a Gargoyle Hunter on Jan 19, 2024.
             Slain by a hobgoblin (6 damage)
             ... led by Robin
             ... on level 3 of the Dungeon.
             The game lasted 00:00:06 (1765 turns).

qw the Shooter (Gargoyle Hunter)                    Turns: 1765, Time: 00:00:06

Health: -5/28      AC:  8    Str: 14    XL:     4   Next: 83%
Magic:  4/4        EV: 11    Int: 10    God:
Gold:   171        SH:  0    Dex: 15    Spells: 3/3 levels left

rFire   . . .        a - +2 shortbow
rCold   . . .        (shield currently unavailable)
rNeg    + . .        i - +0 ring mail
rPois   inf          (no helmet)
rElec   +            (no cloak)
rCorr   .            (no gloves)
SInv    .            (no boots)
Will    .....        (no amulet)
Stlth   +            (no ring)
HPRegen 0.24/turn    (no ring)
MPRegen 0.09/turn

%: no passive effects
@: no status effects
A: sickness immunity, AC +3, negative energy resistance 1, electricity
resistance, torment resistance 1, petrification resistance
a: no special abilities


You were on level 3 of the Dungeon.
You visited 1 branch of the dungeon, and saw 3 of its levels.

You collected 171 gold pieces.


Innate Abilities, Weirdness & Mutations

You are immune to sickness and miasma.
Your stone body is resilient. (AC +3)
You are immune to poison.
You resist negative energy. (rN+)
You are resistant to electric shocks. (rElec)
You are resistant to unholy torment.
You are immune to petrification.


   Skills:
 - Level 3.3 Fighting
 + Level 5.2 Ranged Weapons
 - Level 1.4 Armour
 - Level 1.5 Dodging
 - Level 1.1 Stealth


You had 3 spell levels left.
You didn't know any spells.
Your spell library was empty.

Inventory:

Hand Weapons
 a - a +2 shortbow (weapon)
Armour
 i - a +0 ring mail (worn)
Scrolls
 e - a scroll of teleportation {unknown}
Potions
 b - a potion of heal wounds {unknown}
 c - a potion of invisibility {unknown}
 d - a potion of ambrosia {unknown}

Dungeon Overview and Level Annotations

Branches:
Dungeon (3/15)

Altars:

Shops:
D:1 [


Message History

You shoot an arrow. The arrow hits the hobgoblin!
You kill the hobgoblin!
The goblin hits you with a +0 club.
You shoot an arrow. The arrow hits Robin.
Robin is moderately wounded.
The goblin hits you with a +0 dagger. Robin throws the goblin at you!
The goblin closely misses you.
You shoot an arrow. The arrow closely misses Robin.
The arrow completely misses the goblin. x2
The hobgoblin hits you. The goblin hits you but does no damage.
The goblin barely misses you. The goblin misses you.
You shoot an arrow. The arrow hits Robin.
Robin is heavily wounded.
The hobgoblin hits you. The goblin closely misses you.
Robin closely misses you. The goblin misses you.
The goblin hits you but does no damage. The hobgoblin closely misses you.
The goblin completely misses you.
The goblin hits you but does no damage. x2
You shoot an arrow. The arrow hits Robin.
Robin is almost dead.
The hobgoblin hits you but does no damage.
The goblin closely misses you. The goblin hits you with a +0 dagger.
The goblin hits you with a +0 club.
You shoot an arrow. The arrow hits Robin.
Robin is almost dead.
The hobgoblin misses you. The goblin hits you with a +0 club.
Robin says, "A pitiful Gargoyle like you will never find the ORB!"
Robin hits you but does no damage. The goblin closely misses you.
The goblin hits you with a +0 dagger.
You shoot an arrow. The arrow hits Robin.
Robin is almost dead.
The goblin hits you but does no damage. The hobgoblin hits you.
The goblin closely misses you. Robin hits you but does no damage.
The goblin hits you but does no damage.
You shoot an arrow. The arrow hits Robin.
You kill Robin!
The goblin hits you with a +0 club. The hobgoblin misses you.
The goblin hits you but does no damage. The goblin hits you with a +0 dagger.
The goblin misses you. The goblin hits you with a +0 dagger.
The goblin hits you but does no damage. The hobgoblin hits you.
You die...

#.........# #.........#
#>........#########
#.................#
#####..>.....###.###
#######........#.....###
#.............##.#.#.#..
#.....gg#.######.#.#.#..
#....Jg@#.# .. #.#......
#.....gg#.#.##.#.#.#.#..
#......g..#..........###
#.%.....######.##.######
#.)...... #.##.##....
#..)....# #.......###
..:...... #######.# #
......... #.# # #<#


You could see an endoplasm, a hobgoblin (strong) and 5 goblins.

Vanquished Creatures
  Natasha (D:3)
  Robin (D:3)
  An adder (D:2)
  A dart slug (D:3)
  A ribbon worm (D:2)
  4 orcs (D:3)
  3 bats
  8 endoplasms
  3 giant cockroaches
  5 goblins
  6 hobgoblins
  6 jackals
  2 quokkas
  4 ball pythons (D:1)
  4 frilled lizards
  4 kobolds
  4 rats
58 creatures vanquished.

Notes
Turn   | Place    | Note
-------+----------+-------------------------------------------
     0 | D:1      | qw the Gargoyle Hunter began the quest for the Orb.
     0 | D:1      | Reached XP level 1. HP: 12/12 MP: 1/1
     0 | D:1      | 0 ||| qw: Version: 0.3-a-132-g3d54051
     0 | D:1      | 0 ||| qw: Game counter: 78
     0 | D:1      | 0 ||| qw: Melee chars always use a shield: true
     0 | D:1      | 0 ||| qw: God list: Okawaru
     0 | D:1      | 0 ||| qw: Allow faded altars: false
     0 | D:1      | 0 ||| qw: Do Orc after clearing Dungeon:15 true
     0 | D:1      | 0 ||| qw: Do second Lair branch before Depths: true
     0 | D:1      | 0 ||| qw: Lair rune preference: random
     0 | D:1      | 0 ||| qw: Goals: Normal
     0 | D:1      | 0 ||| PLANNING D:1-11
    33 | D:1      | Reached XP level 2. HP: 15/17 MP: 2/2
   251 | D:1      | Found Gesue's Armour Shop.
   263 | D:1      | 263 ||| SHOPLISTING +0 helmet (45 gold, have 11).
   263 | D:1      | 263 ||| SHOPLISTING +0 leather armour "Amues" {rElec Will-
                  | Dex+3} (181 gold, have 11).
   263 | D:1      | 263 ||| SHOPLISTING +1 robe of Ateticla {*Corrode Slay+5}
                  | (281 gold, have 11).
   314 | D:1      | Reached XP level 3. HP: 21/21 MP: 3/3
   355 | D:1      | Reached skill level 5 in Ranged Weapons
   549 | D:1      | 549 ||| UPGRADING to +0 ring mail.
   559 | D:1      | 559 ||| DROPPING +0 leather armour.
   560 | D:1      | 560 ||| DROPPING ring of flight.
   561 | D:1      | 561 ||| READING scroll labelled LAOSHRAANASK.
   562 | D:1      | 562 ||| READING scroll labelled OCSIF ONAUROEF.
   563 | D:1      | 563 ||| READING scroll labelled RIRAYPL UTAOF.
   564 | D:1      | 564 ||| READING 2 scrolls labelled IXKADOS PUUNENK.
   564 | D:1      | 564 ||| ENCHANTING +0 shortbow.
   565 | D:1      | 565 ||| READING scroll of enchant weapon.
   565 | D:1      | 565 ||| ENCHANTING +1 shortbow.
   566 | D:1      | 566 ||| READING scroll labelled PEFYW BUORPH.
   567 | D:1      | 567 ||| DROPPING scroll of butterflies.
  1056 | D:2      | Reached skill level 1 in Armour
  1138 | D:2      | 1138 ||| FLEEEEING.
  1141 | D:2      | 1141 ||| STAIRDANCE
  1514 | D:3      | Reached XP level 4. HP: 27/27 MP: 4/4
  1552 | D:3      | Noticed Natasha
  1557 | D:3      | Killed Natasha
  1558 | D:3      | Reached skill level 3 in Fighting
  1749 | D:3      | Noticed Robin
  1764 | D:3      | HP: 6/28 [hobgoblin[Robin] (2)]
  1765 | D:3      | Killed Robin
  1765 | D:3      | HP: 1/28 [goblin/+0 dagger[Robin] (2)]
  1765 | D:3      | Slain by a hobgoblin

Levels and vault maps discovered:
D:1:      dpeg_arrival_tiny_j, layout_rooms, serial_shops, nicolae_shop_stone
D:2:      layout_basic
D:3:      layout_basic, shapermc_ecumenical_altar_mp_urbaneastern,
          kennysheep_generic_room_10, uniq_robin, uniq_natasha

Skill      XL: |  1  2  3  4 |
---------------+-------------+-----
Ranged Weapons | 5 |  5.2
Armour         | 1 |  1.4
Fighting       | 3 |  3.3
Dodging        | |  1.5
Stealth        | |  1.1

Action                     |  1- 3 |  4- 6 || total
---------------------------+-------+-------++-------
   Fire: Shortbow          |   117 |    39 ||   156
    Use: Scroll            |     6 |       ||     6
 Armour: Leather armour    |    25 |       ||    25
         Ring mail         |     7 |    38 ||    45
  Dodge: Dodged            |    35 |    20 ||    55

Table legend:
 A = Non-vault XP
 B = Vault XP
 C = Vault XP percentage of total XP
 D = Non-vault monster count
 E = Vault monster count
 F = Vault count percentage of total count
                 A         B        C        D         E       F
            +---------+---------+-------+---------+---------+-------
      Total |     104 |      62 |  37.3 |      50 |       8 |  13.8
            +---------+---------+-------+---------+---------+-------
        D:1 |      40 |       0 |   0.0 |      25 |       0 |   0.0
        D:2 |      41 |       0 |   0.0 |      16 |       0 |   0.0
        D:3 |      23 |      62 |  72.9 |       9 |       8 |  47.1
            +---------+---------+-------+---------+---------+-------
